 Dungeon Crawl Stone Soup version 0.20.1-1-g8b1a95d (webtiles) character file.

947 zhuk the Cleaver (level 8, -2/58 HPs)
             Began as a Formicid Fighter on Sept 19, 2017.
             Slain by Duvessa
             ... wielding a +0 short sword
              (13 damage)
             ... on level 5 of the Dungeon.
             The game lasted 00:17:49 (5897 turns).

zhuk the Cleaver (Formicid Fighter)                 Turns: 5897, Time: 00:17:50

Health: -2/58      AC:  6    Str: 21    XL:     8   Next: 35%
Magic:  8/8        EV:  9    Int: 10    God:
Gold:   234        SH:  0    Dex: 10    Spells: 7/7 levels left

rFire    . . .     SeeInvis +   a - +0 war axe
rCold    . . .     Gourm    .   (no shield)
rNeg     . . .     Faith    .   b - +0 scale mail
rPois    .         Spirit   .   (helmet unavailable)
rElec    .         Reflect  .   (no cloak)
rCorr    .         Harm     .   (no gloves)
MR       .....                  (no boots)
Stlth    ..........             (no amulet)
Regen    0.2/turn               (no ring)
MPRegen  0.2/turn               (no ring)

@: no status effects
A: permanent stasis, dig shafts and tunnels, four strong arms, antennae 3
a: Dig, Shaft Self


You were on level 5 of the Dungeon.
You were not hungry.

You visited 1 branch of the dungeon, and saw 5 of its levels.

You collected 234 gold pieces.

Inventory:

Hand Weapons
 a - a +0 war axe (weapon)
Armour
 b - a +0 scale mail (worn)
 c - a +0 shield
Jewellery
 t - a cursed ring of teleportation {unknown}
 y - an uncursed ring of ice {unknown}
Scrolls
 h - 5 scrolls of identify
 i - 4 scrolls of remove curse {unknown}
 k - 2 scrolls of blinking {unknown}
 l - a scroll of random uselessness {unknown}
 o - a scroll of enchant armour {unknown}
 q - 3 scrolls of teleportation
 r - a scroll of fear {unknown}
 w - a scroll of amnesia {unknown}
Potions
 d - 2 potions of might
 e - a potion of flight
 j - 2 potions of agility {unknown}
 m - 2 potions of mutation {unknown}
 n - a potion of magic {unknown}
 p - a potion of lignification {unknown}
 s - a potion of ambrosia {unknown}
 z - a potion of brilliance {unknown}
Comestibles
 f - 3 bread rations
 g - 3 meat rations
 u - 3 chunks of flesh
 v - 3 fruits
 x - a royal jelly


   Skills:
 - Level 3.2 Fighting
 + Level 9.3 Axes
 - Level 3.2 Armour
 - Level 3.6 Shields


You had 7 spell levels left.
You didn't know any spells.

Dungeon Overview and Level Annotations

Branches:
Dungeon (5/15)
 Temple: D:4-7

Altars:
Ashenzari
Cheibriados
Xom

Shops:
D:5 =

Annotations:
D:5 Duvessa


Innate Abilities, Weirdness & Mutations

You cannot be hasted, slowed, berserked, paralysed or teleported.
You can dig through walls and to a lower floor.
Your four strong arms can wield two-handed weapons with a shield.
You have a pair of large antennae on your head. (SInv)


Message History

An orc wizard is wielding a vampiric dagger.
The orc wizard shouts!
The orc shouts!
The orc wizard shouts!
The orc shouts!
The orc wizard casts a spell.
The orc wizard flickers and vanishes for a moment.
The orc wizard gestures wildly while chanting.
The orc wizard blinks!
An orc comes into view. It is wielding a short sword.
There is a stone staircase leading up here.
The orc shouts!
The orc barely misses you.
Duvessa rages.
Duvessa closely misses you. The orc barely misses you.
The orc hits you but does no damage.
The orc wizard hits you but does no damage.
Duvessa barely misses you.
Your stasis prevents you from teleporting.
You open the door.
The orc wizard shouts!
Duvessa hits you but does no damage. Duvessa hits you with a short sword!
You die...

#### ...###
#.#.###### #.<...o...
#....{#### ##ooo##
##o#### #e# #. #@# #{
##'# #. .# #...##.
$.# .....#. #..#
........#####...#
...<.....<..o....#
+....o.....{......#
#$................###
.......##.o...o..


You could see Duvessa (berserk), 2 orc wizards and 3 orcs.

Vanquished Creatures
  2 phantoms
  An ogre (D:4)
  Blork the orc (D:4)
  A scorpion (D:3)
  Dowan (D:4)
  A crimson imp (D:5)
  A hound (D:4)
  A centaur skeleton (D:4)
  2 orc priests (D:3)
  Jessica (D:3)
  6 orc wizards
  6 adders
  An adder zombie (D:5)
  An ooze (D:2)
  4 worms
  3 dart slugs
  A leopard gecko (D:2)
  25 orcs
  7 bats
  3 giant cockroaches
  8 goblins
  A hobgoblin (D:1)
  7 jackals
  5 kobolds
  2 quokkas
  A ball python (D:4)
  3 frilled lizards (D:4)
  5 rats
101 creatures vanquished.

Notes
Turn   | Place    | Note
-------+----------+-------------------------------------------
     0 | D:1      | zhuk the Formicid Fighter began the quest for the Orb.
     0 | D:1      | Reached XP level 1. HP: 18/18 MP: 1/1
    91 | D:1      | Reached XP level 2. HP: 24/24 MP: 2/2
   125 | D:1      | Reached skill level 3 in Axes
   557 | D:1      | Reached XP level 3. HP: 29/29 MP: 3/3
   963 | D:2      | Reached skill level 4 in Axes
   963 | D:2      | Reached XP level 4. HP: 5/35 MP: 4/4
  1549 | D:2      | Found a shimmering altar of Xom.
  1550 | D:2      | Found a shimmering altar of Xom.
  1550 | D:2      | Found a shimmering altar of Xom.
  1551 | D:2      | Found a shimmering altar of Xom.
  1551 | D:2      | Found a shimmering altar of Xom.
  1551 | D:2      | Found a shimmering altar of Xom.
  1551 | D:2      | Found a shimmering altar of Xom.
  2295 | D:2      | Found a faded altar of an unknown god.
  2480 | D:3      | Reached XP level 5. HP: 41/41 MP: 5/5
  2497 | D:3      | Reached skill level 5 in Axes
  2561 | D:3      | Noticed Jessica
  2565 | D:3      | Killed Jessica
  2804 | D:3      | Found a shattered altar of Ashenzari.
  2952 | D:3      | Reached XP level 6. HP: 27/47 MP: 6/6
  3178 | D:3      | Reached skill level 6 in Axes
  3749 | D:3      | Found a snail-covered altar of Cheibriados.
  3852 | D:4      | Reached XP level 7. HP: 52/52 MP: 7/7
  3877 | D:4      | Reached skill level 7 in Axes
  4211 | D:4      | Noticed Dowan
  4274 | D:3      | You fall through a shaft for 2 floors!
  4274 | D:5      | Entered Level 5 of the Dungeon
  4556 | D:5      | Found Piaxzom's Jewellery Shop.
  4607 | D:5      | Reached skill level 8 in Axes
  5060 | D:3      | Reached XP level 8. HP: 48/58 MP: 8/8
  5319 | D:4      | Noticed Blork the orc
  5392 | D:4      | Killed Blork the orc
  5392 | D:4      | Reached skill level 9 in Axes
  5540 | D:4      | Noticed Duvessa
  5848 | D:4      | Killed Dowan
  5897 | D:5      | Slain by Duvessa

Skill      XL: |  1  2  3  4  5  6  7  8 |
---------------+-------------------------+-----
Axes           | 3 4 5 6 8 9 |  9.3
Fighting       | |  3.2
Armour         | |  3.2
Shields        | |  3.6

Action                   |  1- 3 |  4- 6 |  7- 9 || total
-------------------------+-------+-------+-------++-------
Melee: War axe           |    65 |   151 |   170 ||   386
Throw: Tomahawk          |       |       |     2 ||     2
 Abil: Shaft Self        |       |       |     1 ||     1
  Use: Potion            |       |     3 |       ||     3
       Scroll            |       |       |     1 ||     1
  Eat: Chunk             |       |     9 |     8 ||    17
Armor: Scale mail        |    46 |    76 |    63 ||   185
Dodge: Dodged            |    42 |    63 |    85 ||   190
Block: Shield            |     1 |       |       ||     1
